 Dungeon Crawl Stone Soup version 0.32-a0-791-gfc315c9ecd (webtiles) character file.

Game seed: 3243133663501657722

112 AeshMezareph the Trooper (level 4, 0/49 HPs)
             Began as an Oni Warper on Mar 20, 2024.
             Slain by a black bear (2 damage)
             ... on level 4 of the Dungeon.
             The game lasted 00:04:08 (3042 turns).

AeshMezareph the Trooper (Oni Warper)               Turns: 3042, Time: 00:04:08

Health: 0/49       AC:  3    Str: 16 (17) XL:     4   Next: 93%
Magic:  7/7        EV:  8    Int: 14      God:
Gold:   146        SH:  0    Dex:  7 (8)  Spells: 7/7 levels left

rFire   . . .        a - +0 mace
rCold   . . .        (no shield)
rNeg    . . .        b - +0 robe
rPois   .            (helmet restricted)
rElec   .            (no cloak)
rCorr   .            (gloves unavailable)
SInv    .            (boots unavailable)
Will    .....        (no amulet)
Stlth   +            (no ring)
HPRegen 0.28/turn    (no ring)
MPRegen 0.10/turn

%: no passive effects
@: no status effects
A: large, unfitting armour, horns 1, tough skin 1, double potion healing,
drunken brawling
a: no special abilities


You were on level 4 of the Dungeon.
You visited 1 branch of the dungeon, and saw 4 of its levels.

You collected 146 gold pieces.

Inventory:

Hand Weapons
 a - a +0 mace (weapon)
Missiles
 d - 7 darts of dispersal (quivered)
 n - 5 poisoned darts
Armour
 b - a +0 robe (worn)
Scrolls
 c - 2 scrolls of blinking
 e - 4 scrolls of identify {unknown}
 f - a scroll of vulnerability {unknown}
 h - a scroll of amnesia {unknown}
 l - a scroll of teleportation {unknown}
 o - a scroll of enchant armour {unknown}
 p - a scroll of fog {unknown}
 q - a scroll of noise {unknown}
 r - a scroll of acquirement {unknown}
 s - a scroll of butterflies {unknown}
 t - a scroll of immolation {unknown}
Potions
 g - 3 potions of lignification {unknown}
 i - a potion of might {unknown}
 j - a potion of curing {unknown}
 k - a potion of attraction {unknown}
 m - a potion of heal wounds {unknown}


   Skills:
 * Level 4.6 Fighting
 * Level 3.3 Maces & Flails
 - Level 1.0 Throwing
 - Level 2.1 Dodging
 - Level 2.4 Spellcasting
 + Level 3.2 Translocations


You had 7 spell levels left.
You didn't know any spells.
Your spell library contained the following spells:

 Spells                   Type           Power      Damage    Failure   Level
 Blink                    Tloc           20%        N/A       9%          2
 Lesser Beckoning         Tloc           20%        N/A       9%          2
 Teleport Other           Tloc           10%        N/A       19%         3
 Manifold Assault         Tloc           10%        N/A       52%         4
 Vhi's Electric Charge    Tloc/Air       12%        N/A       75%         4


Dungeon Overview and Level Annotations

Branches:
Dungeon (4/15)
 Temple: D:4-7

Altars:


Innate Abilities, Weirdness & Mutations

You are too large for most types of armour.
You have a pair of small horns on your head.
You have tough skin. (AC +1)
You gain doubled healing and magic from potions.
Whenever you drink a healing potion, you attack all around you.


Message History

You hit the black bear.
You headbutt the black bear, but do no damage.
The black bear is moderately wounded.
The black bear bites you but does no damage.
The black bear closely misses you. The black bear barely misses you.
You hit the black bear.
The black bear is heavily wounded.
The black bear bites you but does no damage.
The black bear claws you. x2; The black bear bites you.
The black bear claws you. x2
You are too injured to fight recklessly!
You are too injured to fight recklessly!
You are too injured to fight recklessly!
Throw: 6 darts (poison)
Press: ? - help, Shift-Dir - straight line, f/p - black bear
Aim: a black bear (heavily wounded, poisoned, 59% to hit)
You throw a poisoned dart. The poisoned dart hits the black bear.
The black bear looks even sicker.
The black bear is heavily wounded.
The black bear bites you.
* * * LOW HITPOINT WARNING * * *
The black bear barely misses you. The black bear claws you.
* * * LOW HITPOINT WARNING * * *
Hit: a) +0 mace
Press: ? - help, Dir - move target, f/p - black bear
Aim: a black bear (heavily wounded, very poisoned, about 35% to evade your +0 mace)
Okay, then.
Hit: a) +0 mace
Press: ? - help, Dir - move target, f/p - black bear
Aim: a black bear (heavily wounded, very poisoned, about 35% to evade your +0 mace)
Okay, then.
You hit the black bear.
You headbutt the black bear, but do no damage.
The black bear is severely wounded.
The black bear bites you!
* * * LOW HITPOINT WARNING * * *
The black bear claws you.
* * * LOW HITPOINT WARNING * * *
The black bear claws you.
You die...

# #..#....# .# #..#....# .# ##.#
#..##...# .# ...##.#..##...# .#
......#..##...# .# ##.
#######..##...# .# #+#######...
.........##...## .# ............
#..#####.......##h####.##........
................@.# ...##........
#.###########.##..#.#..##........
.... ..............#..##........
#.###############.###..##........
.................................
..####....# #...##..##.####'###
..........#####...###..#.# ##.#
.........................# #..#
..###....######...####.#####.##


You could see a black bear (very poisoned).

Vanquished Creatures
  5 adders
  3 dart slugs
  6 ball pythons
  A bat (D:2)
  5 endoplasms
  4 giant cockroaches
  6 goblins
  5 hobgoblins
  8 jackals
  3 kobolds (D:3)
  A quokka (D:1)
  2 frilled lizards (D:1)
  5 rats
54 creatures vanquished.

Notes
Turn   | Place    | Note
-------+----------+-------------------------------------------
     0 | D:1      | AeshMezareph the Oni Warper began the quest for the Orb.
     0 | D:1      | Reached XP level 1. HP: 22/22 MP: 3/3
    31 | D:1      | Reached skill level 3 in Fighting
    52 | D:1      | Found a faded altar of an unknown god.
    76 | D:1      | Reached XP level 2. HP: 31/31 MP: 5/5
   537 | D:1      | Reached XP level 3. HP: 37/37 MP: 6/6
  1629 | D:3      | Reached skill level 4 in Fighting
  1784 | D:3      | Reached XP level 4. HP: 4/48 MP: 7/7
  1785 | D:3      | HP: 2/48 [poisoned by an adder]
  2587 | D:4      | Identified the beast talisman of the Tormentor {Str+5 SInv}
  3034 | D:4      | Noticed a black bear
  3042 | D:4      | HP: 2/49 [black bear (1)]
  3042 | D:4      | Slain by a black bear

Illustrated notes

Levels and vault maps discovered:
D:1:      nzn_arrival_crosshair, layout_basic, hellmonk_ecumenical_altar_zigzags
D:2:      layout_basic, kennysheep_generic_room_11
D:3:      layout_loops_ring
D:4:      layout_basic, pf_guarded_unrand_woodcutter

Skill      XL: |  1  2  3 |
---------------+----------+-----
Fighting       | 3 4 |  4.6
Translocations | 3 |  3.2
Maces & Flails | 3 |  3.3
Throwing       | |  1.0
Dodging        | |  2.1
Spellcasting   | |  2.4

Action                     |  1- 3 |  4- 6 || total
---------------------------+-------+-------++-------
  Melee: Mace              |   115 |    63 ||   178
         Headbutt          |    15 |     6 ||    21
  Throw: Dart              |       |     3 ||     3
    Use: Potion            |     1 |       ||     1
 Armour: Robe              |    77 |    66 ||   143
  Dodge: Dodged            |    72 |    34 ||   106

Table legend: (Time is in decaauts)
 A = Elapsed time spent in this place.
 B = Non-inter-level travel time spent in this place.
 C = Inter-level travel time spent in this place.
 D = Time resting spent in this place.
 E = Time spent auto-exploring this place.
 F = Levels seen in this place.
 G = Mean time per level.
                   A        B        C        D        E       F      G
               +--------+--------+--------+--------+--------+-----+--------+
         Total |   3086 |   3022 |     64 |    326 |   2305 |   4 |  771.5 |
       Dungeon |   3086 |   3022 |     64 |    326 |   2305 |   4 |  771.5 |
               +--------+--------+--------+--------+--------+-----+--------+

Top non-repeatable levels by time:
     D:1: 895 daAuts
     D:3: 887 daAuts
     D:2: 751 daAuts
     D:4: 552 daAuts
